 Dungeon Crawl Stone Soup version 0.31.0-12-g77e489cdc1 (webtiles) character file.

Game seed: 12586883074954645396

203 LabCoat the Trooper (level 5, -12/47 HPs)
             Began as a Hill Orc Fighter on Feb 11, 2024.
             Mangled by Pikel
             ... wielding a +0 whip of electrocution
              (17 damage)
             ... on level 4 of the Dungeon.
             The game lasted 00:08:30 (2520 turns).

LabCoat the Trooper (Hill Orc Fighter)              Turns: 2520, Time: 00:08:31

Health: -12/47     AC:  9    Str: 21    XL:     5   Next: 81%
Magic:  4/4        EV:  8    Int:  8    God:
Gold:   127        SH:  4    Dex: 10    Spells: 4/4 levels left

rFire   . . .        a - +0 war axe
rCold   . . .        c - +0 buckler
rNeg    . . .        k - +0 chain mail
rPois   .            (no helmet)
rElec   .            (no cloak)
rCorr   .            (no gloves)
SInv    +            (no boots)
Will    .....        (no amulet) Stlth
                     (no ring)
HPRegen 0.27/turn    (no ring)
MPRegen 0.09/turn

%: no passive effects
@: no status effects
A: see invisible, low MP 1
a: no special abilities


You were on level 4 of the Dungeon.
You visited 1 branch of the dungeon, and saw 4 of its levels.

You collected 127 gold pieces.

Inventory:

Hand Weapons
 a - a +0 war axe (weapon)
 b - a +0 flail
Armour
 c - a +0 buckler (worn)
 h - a +0 kite shield
 k - a +0 chain mail (worn)
Jewellery
 o - an amulet of reflection
Scrolls
 e - a scroll of fear {unknown}
 g - a scroll of poison
 i - a scroll of enchant weapon {unknown}
 m - a scroll of enchant armour {unknown}
 n - a scroll of teleportation {unknown}
Potions
 d - a potion of might


   Skills:
 * Level 4.5 Fighting
 * Level 4.1 Axes
 + Level 1.1 Throwing
 * Level 4.2 Armour
 + Level 0.9 Dodging
 + Level 3.6 Shields
 * Level 2.1 Evocations


You had 4 spell levels left.
You didn't know any spells.
Your spell library was empty.

Dungeon Overview and Level Annotations

Branches:
Dungeon (4/15)
 Temple: D:4-7

Altars:
Lugonu

Portals:
Abyss: D:3

Annotations:
D:3 2 runed translucent doors
D:4 Pikel


Innate Abilities, Weirdness & Mutations

You have supernaturally acute eyesight. (SInv)
Your magical capacity is low. (-10% MP)


Message History

Okay, then.
You climb downwards.
Level annotation: Pikel The lemure hits you but does no damage.
Pikel completely misses you. The lemure hits you but does no damage.
Pikel barely misses you. The lemure hits you.
The lemure hits you but does no damage.
There is a stone staircase leading up here.
You hit Pikel but do no damage. You barely miss the lemure. You hit the lemure.
The lemure hits you. The lemure hits you but does no damage.
Pikel hits you with a +0 whip of electrocution.
The lemure hits you but does no damage. Pikel hits you but does no damage.
The lemure hits you. The lemure barely misses you. You block Pikel's attack.
The lemure hits you but does no damage. The lemure hits you but does no damage.
You block the lemure's attack. You block Pikel's attack.
You block the lemure's attack. x2; Pikel hits you but does no damage.
You are electrocuted!!
* * * LOW HITPOINT WARNING * * *
The lemure hits you.
* * * LOW HITPOINT WARNING * * *
Pikel hits you with a +0 whip of electrocution.
* * * LOW HITPOINT WARNING * * *
The lemure barely misses you. The lemure hits you but does no damage.
Pikel hits you with a +0 whip of electrocution.
* * * LOW HITPOINT WARNING * * *
The lemure hits you.
* * * LOW HITPOINT WARNING * * *
The lemure hits you.
* * * LOW HITPOINT WARNING * * *
The lemure hits you but does no damage. You block Pikel's attack.
The lemure hits you but does no damage. Pikel barely misses you.
The lemure hits you but does no damage. The lemure hits you but does no damage.
Pikel hits you with a +0 whip of electrocution.
* * * LOW HITPOINT WARNING * * *
You are electrocuted!
You die...
Pikel says, "See you in Hell!"

...............
...............
...............
#..†......#
#.........#
#...†.....+
#.........#
#5........#
#.@5...[...
#..K.......
##########.


You could see Pikel and 2 lemures.

Vanquished Creatures
  2 lemures (D:4)
  2 bombardier beetles
  An orc priest (D:3)
  4 adders
  5 dart slugs
  2 orcs (D:3)
  3 ball pythons (D:1)
  9 endoplasms
  4 giant cockroaches
  4 goblins
  4 hobgoblins
  5 jackals (D:2)
  3 bats
  2 frilled lizards
  6 kobolds
  10 rats
66 creatures vanquished.

Notes
Turn   | Place    | Note
-------+----------+-------------------------------------------
     0 | D:1      | LabCoat the Hill Orc Fighter began the quest for the Orb.
     0 | D:1      | Reached XP level 1. HP: 19/19 MP: 1/1
    95 | D:1      | Reached XP level 2. HP: 13/27 MP: 2/2
   725 | D:2      | Found a faded altar of an unknown god.
   752 | D:2      | Reached XP level 3. HP: 33/33 MP: 3/3
   795 | D:2      | Reached skill level 1 in Evocations
  1016 | D:2      | Reached XP level 4. HP: 38/40 MP: 4/4
  1567 | D:3      | Reached skill level 1 in Throwing
  1567 | D:3      | Reached XP level 5. HP: 35/47 MP: 5/5
  1795 | D:3      | Found a large runed translucent door.
  1795 | D:3      | Found a large runed translucent door.
  1801 | D:3      | Found a corrupted altar of Lugonu.
  2255 | D:3      | Found a one-way gate to the infinite horrors of the Abyss.
  2315 | D:4      | Noticed a lemure
  2318 | D:4      | Noticed a lemure
  2334 | D:4      | Killed a lemure
  2345 | D:4      | Noticed Pikel
  2345 | D:4      | Noticed a lemure
  2348 | D:4      | Gained mutation: Your magical capacity is low. (-10% MP)
                  | [potion of mutation]
  2348 | D:4      | Gained mutation: You have supernaturally acute eyesight.
                  | (SInv) [potion of mutation]
  2348 | D:4      | Noticed a lemure
  2351 | D:4      | Killed a lemure
  2520 | D:4      | Mangled by Pikel

Illustrated notes

Levels and vault maps discovered:
D:1:      co_arrival_random_square_maze, layout_loops_ring
D:2:      layout_basic, hellmonk_ecumenical_altar_crossroads
D:3:      due_chaos_kobolds, layout_rooms
D:4:      layout_gridville, nicolae_stop_n_shop_2, uniq_pikel

Skill      XL: |  1  2  3  4  5 |
---------------+----------------+-----
Axes           | 3 4 |  4.1
Evocations     | 1 2 |  2.1
Fighting       | 4 |  4.5
Throwing       | 1 |  1.1
Armour         | 4 |  4.2
Dodging        | |  0.9
Shields        | |  3.6

Action                     |  1- 3 |  4- 6 || total
---------------------------+-------+-------++-------
  Melee: War axe           |    84 |   103 ||   187
    Use: Potion            |     1 |     2 ||     3
         Scroll            |       |     3 ||     3
 Armour: Scale mail        |    57 |    37 ||    94
         Chain mail        |       |    57 ||    57
  Dodge: Dodged            |    40 |    55 ||    95
  Block: Buckler           |    12 |    30 ||    42
